 Dungeon Crawl Stone Soup version 0.20.1-1-g8b1a95d (webtiles) character file.

641 letownia2 the Reanimator (level 7, -10/55 HPs)
             Began as a Deep Dwarf Necromancer on Oct 31, 2017.
             Mangled by an orc warrior
             ... wielding a +0 short sword
              (17 damage)
             ... on level 6 of the Dungeon.
             The game lasted 00:07:34 (3096 turns).

letownia2 the Reanimator (Deep Dwarf Necromancer)   Turns: 3096, Time: 00:07:36

Health: -10/55     AC:  5    Str: 12    XL:     7   Next: 26%
Magic:  10/10      EV:  8    Int: 17    God:
Gold:   138        SH:  0    Dex: 13    Spells: 6/10 levels left

rFire    . . .     SeeInvis .   a - +1 dagger (speed)
rCold    . . .     Gourm    .   (no shield)
rNeg     . . .     Faith    .   d - +0 ring mail (curse)
rPois    .         Spirit   .   (no helmet)
rElec    .         Reflect  .   (no cloak)
rCorr    .         Harm     .   (no gloves)
MR       ++...                  (no boots)
Stlth    +.........             (no amulet)
Regen    0.0/turn               h - ring of protection from magic
MPRegen  0.2/turn               n - -3 ring of evasion (curse)

@: non-regenerating
A: damage resistance, heal wounds, sense surroundings 1, no regeneration
a: Heal Wounds


You were on level 6 of the Dungeon.
You were not hungry.

You visited 1 branch of the dungeon, and saw 6 of its levels.

You collected 138 gold pieces.

Inventory:

Hand Weapons
 a - a +1 dagger of speed (weapon)
 k - a +0 hunting sling
Armour
 d - a cursed +0 ring mail (worn)
 t - a +0 scale mail
 y - a +0 robe
Jewellery
 h - a ring of protection from magic (left hand)
 n - a cursed -3 ring of evasion (right hand)
 u - an uncursed ring of positive energy
Scrolls
 e - 2 scrolls of noise {unknown}
 g - a scroll of fear {unknown}
 i - 2 scrolls of blinking {unknown}
 m - a scroll of fog {unknown}
 r - a scroll of teleportation {unknown}
 w - 5 scrolls of identify
 x - a scroll of remove curse {unknown}
Potions
 j - a potion of degeneration {unknown}
 l - 2 potions of curing {unknown}
 p - 2 potions of brilliance {unknown}
 q - a potion of flight
 v - a potion of haste {unknown}
Books
 b - a book of Necromancy

   Spells                             Type                      Level
   a - Pain                           Necromancy                   1
   b - Animate Skeleton               Necromancy                   1
   c - Vampiric Draining              Necromancy                   3
   d - Regeneration                   Charms/Necromancy            3
   e - Animate Dead                   Necromancy                   4
   f - Control Undead                 Necromancy                   4
Comestibles
 c - 3 bread rations
 f - 4 meat rations
 o - a royal jelly
 s - 3 fruits
 z - 9 chunks of flesh


   Skills:
 + Level 4.1 Armour
 - Level 2.1 Dodging
 - Level 2.4 Stealth
 - Level 2.1 Spellcasting
 + Level 8.6 Necromancy


You had 6 spell levels left.
You knew the following spells:

 Your Spells              Type           Power        Failure   Level  Hunger
a - Pain                  Necr           ####         1%          1    #......
v - Vampiric Draining     Necr           ####......   3%          3    ###....


Dungeon Overview and Level Annotations

Branches:
Dungeon (6/15)
 Temple: D:4-7

Altars:
Elyvilon
Makhleb
The Shining One

Annotations:
D:6 plantmann's ghost, novice GrEE


Innate Abilities, Weirdness & Mutations

You are resistant to damage.
You can heal yourself by infusing magical energy.
You passively map a small area around you.
You do not regenerate.


Message History

You climb downwards.
Level annotation: plantmann's ghost, novice GrEE An orc and an orc priest come into view.
There is a stone staircase leading up here.
Unknown command.
You are too injured to fight recklessly!
You are too injured to fight recklessly!
A phantom comes into view.
The orc priest shouts!
The orc priest invokes the aid of Beogh against you.
Beogh smites you!
An orc and an orc warrior come into view.
The orc warrior shouts!
The orc shouts!
You hear a shout!
The orc hits you with a flail.
* * * LOW HITPOINT WARNING * * *
The orc priest calls down the wrath of Beogh upon you.
Beogh smites you!
* * * LOW HITPOINT WARNING * * *
The orc warrior hits you with a short sword!!
You die...

* * * * , , *
###### *
*....., * ...#
# ####...####
, *
#.##.........#
*
#............#
*
**#<.@o.....#,
, ####oWo##..
,, * ,
,.o..... *
...#### * ####


You could see a phantom, an orc warrior, an orc priest and 2 orcs.

Vanquished Creatures
  An ice beast (D:5)
  An ogre (D:5)
  2 bullfrogs (D:5)
  A bullfrog zombie (D:5)
  A hound (D:4)
  A jelly (D:5)
  An orc priest (D:4)
  An orc wizard (D:4)
  An iguana (D:5)
  4 worker ants
  3 gnolls (D:5)
  2 adders
  An adder zombie (D:5)
  A dart slug (D:4)
  A leopard gecko (D:4)
  7 orcs
  A giant cockroach (D:2)
  A goblin (D:3)
  3 jackals (D:5)
  2 quokkas (D:5)
  A bat (D:2)
  2 frilled lizards (D:5)
  A jackal zombie (D:5)
  2 rats
42 creatures vanquished.

Notes
Turn   | Place    | Note
-------+----------+-------------------------------------------
     0 | D:1      | letownia2 the Deep Dwarf Necromancer began the quest for the Orb.
     0 | D:1      | Reached XP level 1. HP: 15/15 MP: 3/3
   308 | D:2      | Reached XP level 2. HP: 20/22 MP: 0/5
   535 | D:4      | Found a burning altar of Makhleb.
   535 | D:4      | Found a glowing golden altar of the Shining One.
   593 | D:4      | Reached skill level 5 in Necromancy
   593 | D:4      | Reached XP level 3. HP: 7/28 MP: 0/6
   598 | D:4      | Learned a level 3 spell: Vampiric Draining
   886 | D:4      | Found a white marble altar of Elyvilon.
  1135 | D:4      | Reached skill level 6 in Necromancy
  1135 | D:4      | Reached XP level 4. HP: 18/36 MP: 2/7
  1581 | D:4      | Reached XP level 5. HP: 39/42 MP: 3/8
  1590 | D:4      | Reached skill level 7 in Necromancy
  1657 | D:5      | Entered Level 5 of the Dungeon
  1829 | D:5      | Noticed an ogre
  1853 | D:5      | Killed an ogre
  1853 | D:5      | Reached skill level 1 in Armour
  1853 | D:5      | Reached XP level 6. HP: 27/49 MP: 0/9
  2035 | D:5      | Noticed an ice beast
  2106 | D:5      | Killed an ice beast
  2241 | D:5      | Reached skill level 8 in Necromancy
  2501 | D:5      | Reached XP level 7. HP: 34/55 MP: 10/10
  2785 | D:6      | Noticed plantmann's ghost (novice GrEE)
  3096 | D:6      | Mangled by an orc warrior

Skill      XL: |  1  2  3  4  5  6  7 |
---------------+----------------------+-----
Spellcasting   | 2 |  2.1
Necromancy     | 5 6 7 8 |  8.6
Armour         | 1 3 4 |  4.1
Dodging        | |  2.1
Stealth        | |  2.4

Action                   |  1- 3 |  4- 6 |  7- 9 || total
-------------------------+-------+-------+-------++-------
Melee: Unarmed           |    19 |    50 |     1 ||    70
       Dagger            |       |       |     4 ||     4
 Cast: Pain              |    23 |    36 |     2 ||    61
       Vampiric Draining |     4 |    17 |    12 ||    33
  Use: Scroll            |       |       |     1 ||     1
  Eat: Chunk             |     1 |     7 |     4 ||    12
Armor: Ring mail         |     9 |    26 |     7 ||    42
       Robe              |     2 |       |       ||     2
Dodge: Dodged            |    26 |    42 |     4 ||    72
